 Dungeon Crawl Stone Soup version 0.16.1-30-g34a7ffa (webtiles) character file.

67 Yawgmoth the Digger (level 4, 24/24 HPs)
             Began as a Gargoyle Earth Elementalist on June 12, 2015.
             Quit the game on level 2 of the Dungeon.
             The game lasted 00:13:47 (1626 turns).

Yawgmoth the Digger (Gargoyle Earth Elementalist)   Turns: 1626, Time: 00:13:47

Health: 24/24      AC: 15    Str: 12    XL:     4   Next: 16%
Magic:  9/9        EV:  2    Int: 16    God:
Gold:   125        SH:  0    Dex: 10    Spells: 1 memorised, 8 levels left

rFire  . . .     SeeInvis .     r - +0 whip
rCold  . . .     Clarity  .     s - +0 plate armour (curse)
rNeg   + . .     SustAb   .     (no shield)
rPois  ∞         Gourm    .     g - +0 helmet (curse)
rElec  +         Spirit   .     (no cloak)
rCorr  .         Warding  .     (no gloves)
rMut   .         Stasis   .     p - +0 pair of boots
MR     .....                    (no amulet)
Stlth  ..........               (no ring)
                                (no ring)

@: very slightly contaminated, not resistant to hostile enchantments, extremely
unstealthy
A: negative energy resistance 1, electricity resistance, unbreathing,
petrification resistance, rot immunity, AC +3
a: no special abilities


You were on level 2 of the Dungeon.
You were not hungry.

You visited 1 branch of the dungeon, and saw 2 of its levels.

You collected 125 gold pieces.

Inventory:

Hand weapons
 l - a +0 dagger
 r - a +0 whip (weapon)
Missiles
 b - 36 stones (quivered)
Armour
 c - a +0 robe
 g - a cursed +0 helmet (worn)
 j - a +0 helmet
 m - a +0 robe
 n - a +4 ring mail
 p - a +0 pair of boots (worn)
 s - a cursed +0 plate armour (worn)
Scrolls
 i - a scroll of identify
 q - a scroll of magic mapping {unknown}
 t - a scroll of teleportation {unknown}
Potions
 e - a potion of heal wounds {unknown}
 f - 2 potions of curing
 k - a potion of agility {unknown}
 o - 2 potions of brilliance
Books
 d - a book of Geomancy

   Spells                             Type                      Level
   a - Sandblast                      Earth                        1
   b - Stoneskin                      Transmutation/Earth          2
   c - Passwall                       Transmutation/Earth          3
   d - Stone Arrow                    Conjuration/Earth            3
   e - Petrify                        Transmutation/Earth          4
   f - Lee's Rapid Deconstruction     Earth                        5
Comestibles
 a - a bread ration
 h - 10 chunks of flesh


   Skills:
 - Level 0.2 Fighting
 - Level 1.5 Dodging
 - Level 2.1 Stealth
 + Level 3.0 Spellcasting
   Level 0.7 Transmutations
 + Level 5.0 Earth Magic


You had 8 spell levels left.
You knew the following spells:

 Your Spells              Type           Power        Failure   Level  Hunger
a - Sandblast             Erth           ###...       100%        1    #......


Dungeon Overview and Level Annotations

Branches:
Dungeon (2/15)

Altars:
Ru


Innate Abilities, Weirdness & Mutations

You are resistant to torment.
You are immune to poison.
Your stone body is very resilient (AC +3).
You resist negative energy.
You are resistant to electric shocks.
You can survive without breathing.
You are immune to petrification.
You are immune to rotting.


Message History

You enter the shallow water.
Moving in this stuff is going to be slow.
There is a sacrificial altar of Ru here.
You enter the shallow water.
Moving in this stuff is going to be slow.
Found a stone staircase leading down.
You now have 125 gold pieces (gained 15).
Some of the chunks of flesh in your inventory have rotted away.
t - a scroll labeled IKOEFY KOUGI
Casting: Sandblast
Confirm with . or Enter, or press ? or * to list all spells.
Okay, then.
Unknown command.
Drink which item? (? for menu, Esc to quit)
Okay, then.
Are you sure you want to abandon this character and quit the game? (Confirm with "yes".)
Okay, then.
Quiver which item? (- for none, * to show all) (? for menu, Esc to quit)
Okay, then.
Are you sure you want to abandon this character and quit the game? (Confirm with "yes".)

## #.#..'..#..≈≈≈..#.##
####.#..#.#..≈...≈..#.##
.....#...#...≈._.≈...#.#
####.#..#.#..≈...≈..#.##
####....##.#..≈≈≈..#..#
............#######.+...>#
####..).####........######
#.)..# #.........# #.#..#
#.#..@....# #.#..#
#.......# ####.#..#
#..........# .....#...
#..........#
######...##...########
#....#... ...#[ .. . .


There were no monsters in sight!

Vanquished Creatures
  Ijyb (D:1)
  An adder (D:2)
  An ooze (D:1)
  2 bats (D:1)
  2 goblins (D:1)
  6 hobgoblins
  8 jackals (D:2)
  6 kobolds
  A giant gecko (D:1)
  A giant newt (D:1)
  9 rats
38 creatures vanquished.

Notes
Turn   | Place    | Note
--------------------------------------------------------------
     0 | D:1      | Yawgmoth, the Gargoyle Earth Elementalist, began the quest for the Orb.
     0 | D:1      | Reached XP level 1. HP: 10/10 MP: 3/3
   170 | D:1      | Reached skill level 4 in Earth Magic
   342 | D:1      | Reached XP level 2. HP: 15/15 MP: 2/4
  1040 | D:2      | Noticed Ijyb
  1053 | D:1      | Killed Ijyb
  1053 | D:1      | Reached XP level 3. HP: 16/19 MP: 0/6
  1418 | D:2      | Reached XP level 4. HP: 22/24 MP: 5/9
  1469 | D:2      | Reached skill level 5 in Earth Magic
  1587 | D:2      | Found a sacrificial altar of Ru.
  1626 | D:2      | Quit the game

Action                   |  1- 3 |  4- 6 || total
-------------------------+-------+-------++-------
Melee: Club              |    11 |       ||    11
       Dagger            |     6 |       ||     6
       Whip              |     5 |    26 ||    31
 Cast: Sandblast         |    60 |    10 ||    70
  Use: Potion            |     1 |       ||     1
       Scroll            |       |     1 ||     1
  Eat: Chunk             |     2 |     1 ||     3
